 Dungeon Crawl Stone Soup version 0.24-a0-459-g225fefd (webtiles) character file.

Game seed: 13366939697369049270

441 GandaPestile the Chopper (level 6, -1/56 HPs)
             Began as a Minotaur Berserker on June 28, 2019.
             Was a Priest of Trog.
             Slain by an ogre
             ... wielding a +0 giant club
              (16 damage)
             ... on level 4 of the Dungeon.
             The game lasted 00:08:52 (2506 turns).

GandaPestile the Chopper (Minotaur Berserker)       Turns: 2506, Time: 00:08:53

Health: -1/56      AC: 14    Str: 24    XL:     6   Next: 71%
Magic:  5/5        EV:  5    Int:  4    God:    Trog [***...]
Gold:   214        SH:  8    Dex:  9    Spells: 5/5 levels left

rFire    . . .     SeeInvis .   a - +0 hand axe
rCold    . . .     Gourm    .   p - +1 shield {AC+3}
rNeg     . . .     Faith    .   e - +0 plate armour
rPois    .         Spirit   .   (helmet restricted)
rElec    .         Reflect  .   (no cloak)
rCorr    .         Harm     .   (no gloves)
MR       .....                  (no boots)
Stlth    ..........             (no amulet)
HPRegen  0.18/turn              (no ring)
MPRegen  0.09/turn              (no ring)

@: berserk cooldown, slowed, very slow
A: retaliatory headbutt, horns 2
a: Berserk, Trog's Hand, Renounce Religion


You were on level 4 of the Dungeon.
You worshipped Trog.
Trog was most pleased with you.
You were hungry.

You visited 1 branch of the dungeon, and saw 4 of its levels.

You collected 214 gold pieces.

Inventory:

Hand Weapons
 a - a +0 hand axe (weapon)
 t - a +2 vampiric spear
Armour
 b - a +0 animal skin
 e - a +0 plate armour (worn)
 f - a +0 chain mail
 p - a +1 shield of protection (worn)
Jewellery
 h - an uncursed ring of fire
Wands
 q - a wand of iceblast (11)
 s - a wand of enslavement (2)
Scrolls
 d - 2 scrolls of teleportation
 g - a scroll of noise {unknown}
 i - a scroll of fog {unknown}
 j - 3 scrolls of remove curse
 k - 2 scrolls of identify
 l - a scroll of random uselessness {unknown}
 m - a scroll of magic mapping
 n - 2 scrolls of enchant armour {unknown}
 o - a scroll of immolation {unknown}
Potions
 r - a potion of curing
 u - a potion of cancellation {unknown}
 w - a potion of heal wounds
Comestibles
 c - 8 rations
 v - 2 chunks of flesh


   Skills:
 + Level 5.2 Fighting
 * Level 6.4 Axes
 + Level 4.3 Armour
 + Level 4.0 Dodging


You had 5 spell levels left.
You didn't know any spells.
Your spell library was empty.

Dungeon Overview and Level Annotations

Branches:
Dungeon (4/15)             Temple (0/1) D:4

Altars:
Okawaru
Vehumet


Innate Abilities, Weirdness & Mutations

You reflexively headbutt those who attack you in melee.
You have a pair of horns on your head.


Message History

You slash the orc!
You kill the orc!
Trog accepts your kill.
Your Dodging skill increases to level 4!
Things that are here:
a +0 club; a +0 leather armour You slash the ogre!
The ogre is moderately wounded.
You are no longer berserk.
You are exhausted.
You feel yourself slow down. You block the ogre's attack.
You hit the ogre.
The ogre is heavily wounded.
The ogre hits you with a +0 giant club!!
* * * LOW HITPOINT WARNING * * *
You are too injured to fight recklessly!
You closely miss the ogre. You headbutt the ogre.
The ogre is severely wounded.
You block the ogre's attack. The ogre hits you with a +0 giant club!
You die...

########### ?.........
######........
#.......>.....
#.####...##.. # #.#
#.$.# #
#.####.####..)###.#.##
##.#.......>...)@.....#
#........###..##.O..#...
#..#..#..###..####....#
#....†........# .#.##
#.##..#.....≈§§ . .. #
##.#....≈≈§§ ## .. #
#.#..#≈≈≈§≈ .
#.##.#...#§§≈>≈
..###...≈≈≈≈§


You could see an ogre.

Vanquished Creatures
  The ghost of oosa the Grave Robber, an amateur HuNe (D:3)
  A hound (D:3)
  3 orc priests
  A centaur skeleton (D:4)
  An iguana (D:4)
  2 orc wizards
  A worker ant (D:4)
  3 adders
  An ooze (D:1)
  2 worms (D:2)
  A dart slug (D:2)
  4 leopard geckos
  10 orcs
  4 giant cockroaches (D:1)
  8 goblins
  5 hobgoblins
  2 jackals (D:2)
  A ball python (D:3)
  6 bats
  3 frilled lizards
  2 kobolds
  11 rats
73 creatures vanquished.

Notes
Turn   | Place    | Note
-------+----------+-------------------------------------------
     0 | D:1      | GandaPestile the Minotaur Berserker began the quest for the
                  | Orb.
     0 | D:1      | Reached XP level 1. HP: 19/19 MP: 0/0
   208 | D:1      | Reached XP level 2. HP: 25/27 MP: 1/1
   339 | D:1      | Reached skill level 4 in Axes
   893 | D:2      | Reached XP level 3. HP: 33/33 MP: 2/2
  1143 | D:2      | Reached ** piety under Trog
  1342 | D:2      | Reached XP level 4. HP: 14/40 MP: 3/3
  1570 | D:3      | Reached skill level 5 in Axes
  1705 | D:3      | Reached XP level 5. HP: 39/47 MP: 4/4
  1707 | D:3      | Found a runed translucent door.
  1713 | D:3      | Found an iron altar of Okawaru.
  1725 | D:3      | Noticed oosa's ghost (amateur HuNe)
  1736 | D:3      | Killed oosa's ghost
  2188 | D:3      | Found a radiant altar of Vehumet.
  2295 | D:4      | Reached XP level 6. HP: 55/55 MP: 5/5
  2296 | D:4      | Reached skill level 6 in Axes
  2416 | D:4      | Reached *** piety under Trog
  2416 | D:4      | Reached skill level 5 in Fighting
  2453 | D:4      | Found a staircase to the Ecumenical Temple.
  2506 | D:4      | Slain by an ogre

Levels and vault maps discovered:
D:1:      dpeg_arrival_subterranean_lakeside_camping, layout_basic,
          minmay_tromino_i4
D:2:      layout_rooms
D:3:      layout_rooms, okawaru_gym_becter, vehumet_crystals,
          gammafunk_ghost_grave
D:4:      layout_loops_ring, lemuel_crystal_altar, minmay_temple_entry_mist,
          first_ration

Skill      XL: |  1  2  3  4  5  6 |
---------------+-------------------+-----
Axes           | 4 5 6 |  6.4
Fighting       | 4 5 |  5.2
Armour         | 3 4 |  4.3
Dodging        | 3 4 |  4.0

Action                   |  1- 3 |  4- 6 || total
-------------------------+-------+-------++-------
Melee: Hand axe          |    81 |   111 ||   192
       Headbutt          |    14 |    17 ||    31
Invok: Berserk           |       |     3 ||     3
  Use: Potion            |     3 |     2 ||     5
       Scroll            |     2 |     2 ||     4
  Eat: Chunk             |     1 |     3 ||     4
       Ration            |       |     1 ||     1
Armor: Chain mail        |    59 |     5 ||    64
       Plate armour      |       |    44 ||    44
Dodge: Dodged            |    40 |    28 ||    68
Block: Shield            |       |    20 ||    20

Table legend:
 A = Non-vault XP
 B = Vault XP
 C = Vault XP percentage of total XP
 D = Non-vault monster count
 E = Vault monster count
 F = Vault count percentage of total count
                 A         B        C        D         E       F
            +---------+---------+-------+---------+---------+-------
      Total |     502 |     129 |  20.4 |      63 |      10 |  13.7
            +---------+---------+-------+---------+---------+-------
        D:1 |      20 |      19 |  48.7 |      12 |       9 |  42.9
        D:2 |      45 |       0 |   0.0 |      14 |       0 |   0.0
        D:3 |     181 |     110 |  37.8 |      23 |       1 |   4.2
        D:4 |     256 |       0 |   0.0 |      14 |       0 |   0.0
            +---------+---------+-------+---------+---------+-------
